[ AOE2 MATCH · #504856077 ]
UnrankedWu vs Japanese
Player's team · WIN
Rival team · LOSS
[ REPLAY ANALYSIS · EXTRACTED FROM THE RECORDED GAME ]
Feudal
8:53
Castle
21:34
Imperial
—
| APM avg | 55.7 |
| APM peak | 80 |
| eAPM avg | 24.7 |
| Villagers / military | 119 / 44 |
Focus
⚔️ 31.1% · 🌾 68.9%
Cavalry Archer ×21 · Skirmisher ×16 · Unknown (1968) ×16 · Unknown (1974) ×14 · Militia ×5 · Monk ×2
Feudal
9:25
Castle
24:10
Imperial
—
| APM avg | 61.6 |
| APM peak | 95 |
| eAPM avg | 28.9 |
| Villagers / military | 107 / 69 |
Focus
⚔️ 53.3% · 🌾 46.7%
Cavalry Archer ×33 · Militia ×17 · Archer ×10 · Scorpion ×4 · Skirmisher ×3 · Monk ×1
Match map
Initial resources + every placement click. Lines = walls · curves = elevation contours. ◆ gold · ⬟ stone · ● berries · ✦ relic · ◌ wall gap
Your base· Open — unwalled flank
NuMa | OliverAtom's base· ✓ Closed at 24:10 · 28t walls · 1 gate(s)
Smoothed initial terrain · ◌ = detected wall gap · hover for details
Inputs per minute
— boanaan - - NuMa | OliverAtom
Build order — boanaan
First 150 of 335 actions detected
| 0:02 | Build | House |
| 0:03 | Create | Villager (Male) |
| 0:04 | Create | Villager (Male) |
| 0:05 | Build | House |
| 0:14 | Create | Villager (Male) |
| 0:14 | Create | Villager (Male) |
| 1:30 | Create | Villager (Male) |
| 1:47 | Build | Lumber Camp |
| 2:00 | Create | Villager (Male) |
| 2:18 | Create | Villager (Male) |
| 2:43 | Create | Villager (Male) |
| 3:11 | Create | Villager (Male) |
| 3:36 | Create | Villager (Male) |
| 3:53 | Build | House |
| 4:03 | Build | Mill |
| 4:09 | Create | Villager (Male) |
| 4:28 | Create | Villager (Male) |
| 4:59 | Create | Villager (Male) |
| 4:59 | Create | Villager (Male) |
| 5:00 | Create | Villager (Male) |
| 5:23 | Create | Villager (Male) |
| 5:42 | Research | Loom |
| 6:29 | Build | Barracks |
| 6:42 | Research | Feudal Age |
| 7:13 | Build | House |
| 7:31 | Create | Militia |
| 7:31 | Create | Militia |
| 7:36 | Build | Mining Camp |
| 8:01 | Build | House |
| 8:03 | Build | Palisade Wall |
| 8:11 | Create | Militia |
| 8:12 | Create | Villager (Male) |
| 8:44 | Build | Palisade Wall |
| 8:49 | Build | Palisade Wall |
| 8:53 | Age | Feudal Age |
| 9:01 | Research | Double-Bit Axe |
| 9:09 | Research | Man-at-Arms (upgrade) |
| 9:31 | Create | Villager (Male) |
| 9:47 | Create | Villager (Male) |
| 9:51 | Build | Archery Range |
| 10:13 | Create | Villager (Male) |
| 10:14 | Build | Farm |
| 10:16 | Build | Farm |
| 10:47 | Create | Villager (Male) |
| 10:54 | Build | Farm |
| 10:59 | Build | House |
| 11:02 | Build | House |
| 11:04 | Build | House |
| 11:11 | Create | Villager (Male) |
| 11:12 | Build | Palisade Wall |
| 11:34 | Create | Villager (Male) |
| 11:39 | Create | Villager (Male) |
| 11:41 | Build | Lumber Camp |
| 11:51 | Create | Militia |
| 11:51 | Create | Militia |
| 11:57 | Create | Skirmisher |
| 12:02 | Build | House |
| 12:15 | Build | House |
| 12:17 | Build | Palisade Wall |
| 12:26 | Build | Palisade Wall |
| 12:30 | Create | Villager (Male) |
| 12:36 | Build | Farm |
| 12:38 | Build | Farm |
| 12:55 | Create | Villager (Male) |
| 12:59 | Build | Palisade Wall |
| 13:00 | Build | Palisade Wall |
| 13:13 | Build | Farm |
| 13:13 | Create | Villager (Male) |
| 13:38 | Build | House |
| 13:40 | Build | Palisade Wall |
| 13:47 | Create | Villager (Male) |
| 13:53 | Build | Farm |
| 13:54 | Build | Farm |
| 13:55 | Build | Farm |
| 14:04 | Build | Farm |
| 14:09 | Create | Villager (Male) |
| 14:16 | Build | Farm |
| 14:21 | Build | Farm |
| 14:24 | Research | Horse Collar |
| 14:40 | Create | Villager (Male) |
| 14:47 | Build | Farm |
| 14:51 | Build | Farm |
| 14:57 | Build | House |
| 14:58 | Build | House |
| 14:59 | Create | Villager (Male) |
| 15:10 | Create | Skirmisher |
| 15:22 | Build | House |
| 15:23 | Build | Palisade Wall |
| 15:25 | Create | Villager (Male) |
| 15:32 | Build | Farm |
| 15:39 | Create | Skirmisher |
| 16:04 | Create | Villager (Male) |
| 16:07 | Create | Villager (Male) |
| 16:11 | Build | Blacksmith |
| 16:26 | Create | Skirmisher |
| 16:48 | Create | Skirmisher |
| 16:48 | Create | Villager (Male) |
| 17:35 | Create | Skirmisher |
| 17:37 | Create | Villager (Male) |
| 17:38 | Research | Padded Archer Armor |
| 17:58 | Create | Villager (Male) |
| 17:59 | Create | Skirmisher |
| 18:02 | Build | Archery Range |
| 18:20 | Create | Skirmisher |
| 18:21 | Build | House |
| 18:23 | Build | House |
| 18:27 | Create | Skirmisher |
| 18:29 | Create | Villager (Male) |
| 18:49 | Research | Castle Age |
| 18:52 | Build | Lumber Camp |
| 19:00 | Research | Fletching |
| 19:04 | Create | Skirmisher |
| 19:05 | Create | Skirmisher |
| 19:23 | Build | House |
| 19:24 | Build | House |
| 19:24 | Build | House |
| 19:29 | Create | Skirmisher |
| 19:29 | Create | Skirmisher |
| 19:55 | Build | House |
| 19:57 | Build | Palisade Wall |
| 19:59 | Build | House |
| 20:06 | Create | Villager (Male) |
| 20:34 | Build | Farm |
| 20:34 | Build | Farm |
| 21:02 | Build | Stable |
| 21:09 | Research | Gold Mining |
| 21:34 | Age | Castle Age |
| 21:36 | Research | Bow Saw |
| 21:36 | Create | Cavalry Archer |
| 21:37 | Create | Cavalry Archer |
| 21:40 | Research | Heavy Plow |
| 21:48 | Build | Town Center |
| 21:56 | Create | Villager (Male) |
| 21:56 | Research | Bodkin Arrow |
| 22:02 | Create | Cavalry Archer |
| 22:14 | Create | Villager (Male) |
| 22:21 | Build | Farm |
| 22:28 | Create | Villager (Male) |
| 22:33 | Build | House |
| 22:37 | Create | Cavalry Archer |
| 22:42 | Create | Villager (Male) |
| 22:44 | Build | Mining Camp |
| 22:47 | Create | Villager (Male) |
| 23:01 | Create | Villager (Male) |
| 23:08 | Research | Wheelbarrow |
| 23:12 | Create | Cavalry Archer |
| 23:26 | Create | Villager (Male) |
| 23:30 | Create | Villager (Male) |
| 23:31 | Create | Villager (Male) |
| 23:35 | Create | Cavalry Archer |
Build order — NuMa | OliverAtom
First 150 of 338 actions detected
| 0:02 | Create | Villager (Male) |
| 0:02 | Create | Villager (Male) |
| 0:02 | Create | Villager (Male) |
| 0:03 | Build | House |
| 0:04 | Create | Villager (Male) |
| 0:06 | Build | House |
| 1:25 | Create | Villager (Male) |
| 1:52 | Build | Lumber Camp |
| 2:03 | Create | Villager (Male) |
| 2:16 | Create | Villager (Male) |
| 2:49 | Create | Villager (Male) |
| 3:02 | Build | Lumber Camp |
| 3:10 | Create | Villager (Male) |
| 3:33 | Create | Villager (Male) |
| 3:34 | Create | Villager (Male) |
| 4:01 | Create | Villager (Male) |
| 4:02 | Create | Villager (Male) |
| 4:24 | Build | House |
| 4:27 | Research | Loom |
| 4:37 | Create | Villager (Male) |
| 4:50 | Build | Mill |
| 4:58 | Build | House |
| 5:03 | Create | Villager (Male) |
| 5:32 | Create | Villager (Male) |
| 5:35 | Build | House |
| 5:35 | Build | Palisade Wall |
| 6:14 | Create | Villager (Male) |
| 6:44 | Create | Villager (Male) |
| 7:06 | Build | Barracks |
| 7:10 | Create | Villager (Male) |
| 7:15 | Research | Feudal Age |
| 7:15 | Research | Feudal Age |
| 7:45 | Build | Mining Camp |
| 7:59 | Create | Militia |
| 7:59 | Create | Militia |
| 8:00 | Create | Militia |
| 8:35 | Create | Militia |
| 8:36 | Create | Militia |
| 8:59 | Build | Palisade Wall |
| 9:01 | Build | Palisade Wall |
| 9:03 | Build | Palisade Wall |
| 9:16 | Create | Villager (Male) |
| 9:25 | Age | Feudal Age |
| 9:27 | Create | Spearman |
| 9:30 | Research | Man-at-Arms (upgrade) |
| 9:30 | Research | Man-at-Arms (upgrade) |
| 9:39 | Build | Archery Range |
| 9:40 | Research | Double-Bit Axe |
| 9:40 | Research | Double-Bit Axe |
| 9:42 | Build | Palisade Wall |
| 9:43 | Build | Palisade Wall |
| 9:44 | Build | Palisade Wall |
| 9:45 | Build | Palisade Wall |
| 9:46 | Build | Palisade Wall |
| 9:54 | Create | Villager (Male) |
| 10:22 | Create | Villager (Male) |
| 10:23 | Build | Farm |
| 10:31 | Create | Archer |
| 10:33 | Build | House |
| 10:49 | Create | Villager (Male) |
| 10:57 | Build | Palisade Wall |
| 10:58 | Build | Palisade Wall |
| 10:59 | Build | Palisade Wall |
| 11:07 | Build | Palisade Wall |
| 11:08 | Build | Palisade Wall |
| 11:17 | Build | House |
| 11:18 | Create | Villager (Male) |
| 11:21 | Create | Archer |
| 11:40 | Create | Villager (Male) |
| 12:00 | Build | Farm |
| 12:01 | Build | Farm |
| 12:02 | Build | Farm |
| 12:02 | Build | Farm |
| 12:04 | Build | Farm |
| 12:14 | Create | Villager (Male) |
| 12:14 | Create | Villager (Male) |
| 12:19 | Create | Archer |
| 12:22 | Build | Farm |
| 12:32 | Build | House |
| 12:46 | Create | Villager (Male) |
| 12:52 | Create | Archer |
| 13:10 | Build | Farm |
| 13:13 | Create | Villager (Male) |
| 13:15 | Create | Archer |
| 13:19 | Build | House |
| 13:19 | Build | House |
| 13:26 | Create | Villager (Male) |
| 13:46 | Create | Villager (Male) |
| 13:59 | Create | Villager (Male) |
| 14:09 | Create | Archer |
| 14:12 | Build | Farm |
| 14:36 | Create | Villager (Male) |
| 14:43 | Create | Villager (Male) |
| 14:46 | Build | Blacksmith |
| 14:56 | Create | Militia |
| 14:58 | Create | Archer |
| 15:06 | Build | Farm |
| 15:08 | Create | Villager (Male) |
| 15:15 | Create | Militia |
| 15:21 | Research | Horse Collar |
| 15:21 | Research | Horse Collar |
| 15:26 | Create | Villager (Male) |
| 15:40 | Create | Villager (Male) |
| 15:45 | Research | Fletching |
| 15:47 | Build | House |
| 15:48 | Build | House |
| 15:48 | Build | House |
| 15:57 | Create | Militia |
| 16:02 | Create | Villager (Male) |
| 16:15 | Build | Stone Wall |
| 16:20 | Create | Villager (Male) |
| 16:21 | Create | Archer |
| 16:37 | Research | Scale Mail Armor |
| 16:46 | Create | Villager (Male) |
| 16:52 | Build | Market |
| 16:54 | Create | Militia |
| 16:59 | Build | Farm |
| 17:01 | Build | Farm |
| 17:23 | Create | Villager (Male) |
| 17:36 | Create | Villager (Male) |
| 17:47 | Create | Villager (Male) |
| 17:49 | Create | Archer |
| 17:57 | Build | House |
| 17:58 | Build | House |
| 17:58 | Create | Archer |
| 18:07 | Create | Villager (Male) |
| 18:09 | Build | Farm |
| 18:10 | Build | Farm |
| 18:14 | Create | Villager (Male) |
| 18:36 | Create | Villager (Male) |
| 18:42 | Create | Villager (Male) |
| 18:46 | Build | House |
| 18:47 | Build | House |
| 18:49 | Build | Archery Range |
| 19:02 | Build | Gate |
| 19:03 | Build | Stone Wall |
| 19:19 | Build | Farm |
| 19:41 | Create | Villager (Male) |
| 20:20 | Build | Barracks |
| 20:22 | Build | Farm |
| 20:26 | Build | Farm |
| 20:27 | Build | Farm |
| 20:27 | Build | Farm |
| 20:33 | Build | Farm |
| 20:38 | Build | Farm |
| 20:38 | Build | Farm |
| 20:50 | Create | Villager (Male) |
| 21:10 | Build | Mining Camp |
| 21:30 | Research | Castle Age |
| 21:30 | Research | Castle Age |
Match timeline
| 5:35 | NuMa | OliverAtom · wall_segment Palisade Wall x1 |
| 6:29 | boanaan · first_building Barracks |
| 7:06 | NuMa | OliverAtom · first_building Barracks |
| 8:03 | boanaan · wall_segment Palisade Wall x13 |
| 8:44 | boanaan · wall_segment Palisade Wall x1 |
| 8:49 | boanaan · wall_segment Palisade Wall x1 |
| 8:53 | boanaan · age_up feudal |
| 8:59 | NuMa | OliverAtom · wall_segment Palisade Wall x1 |
| 9:01 | NuMa | OliverAtom · wall_segment Palisade Wall x1 |
| 9:03 | NuMa | OliverAtom · wall_segment Palisade Wall x1 |
| 9:25 | NuMa | OliverAtom · age_up feudal |
| 9:39 | NuMa | OliverAtom · first_building Archery Range |
| 9:42 | NuMa | OliverAtom · wall_segment Palisade Wall x1 |
| 9:43 | NuMa | OliverAtom · wall_segment Palisade Wall x1 |
| 9:44 | NuMa | OliverAtom · wall_segment Palisade Wall x1 |
| 9:45 | NuMa | OliverAtom · wall_segment Palisade Wall x1 |
| 9:46 | NuMa | OliverAtom · wall_segment Palisade Wall x1 |
| 9:51 | boanaan · first_building Archery Range |
| 10:57 | NuMa | OliverAtom · wall_segment Palisade Wall x1 |
| 10:58 | NuMa | OliverAtom · wall_segment Palisade Wall x1 |
| 10:59 | NuMa | OliverAtom · wall_segment Palisade Wall x1 |
| 11:07 | NuMa | OliverAtom · wall_segment Palisade Wall x1 |
| 11:08 | NuMa | OliverAtom · wall_segment Palisade Wall x1 |
| 11:12 | boanaan · wall_segment Palisade Wall x1 |
| 12:17 | boanaan · wall_segment Palisade Wall x1 |
| 12:26 | boanaan · wall_segment Palisade Wall x1 |
| 12:59 | boanaan · wall_segment Palisade Wall x1 |
| 13:00 | boanaan · wall_segment Palisade Wall x1 |
| 13:40 | boanaan · wall_segment Palisade Wall x1 |
| 15:23 | boanaan · wall_segment Palisade Wall x7 |
| 16:15 | NuMa | OliverAtom · wall_segment Stone Wall x13 |
| 19:03 | NuMa | OliverAtom · wall_segment Stone Wall x1 |
| 19:57 | boanaan · wall_segment Palisade Wall x1 |
| 20:48 | NuMa | OliverAtom · first_market_buy 100 food |
| 20:48 | NuMa | OliverAtom · first_market_sell 100 stone |
| 21:02 | boanaan · first_building Stable |
| 21:34 | boanaan · age_up castle |
| 24:10 | NuMa | OliverAtom · age_up castle |
| 28:11 | NuMa | OliverAtom · first_building Siege Workshop |
| 30:08 | boanaan · first_building Castle |
| 31:20 | NuMa | OliverAtom · first_building Stable |
| 31:25 | boanaan · first_building Monastery |
| 31:44 | NuMa | OliverAtom · first_building Monastery |
| 36:16 | NuMa | OliverAtom · resign |
[ AI ANALYSIS · 1 CREDIT ]
What really happened in this match?
Wolo.gg analyzes every decision: build order, eco, micro, common mistakes by bracket. Personalized analysis on WhatsApp or Discord in 30 seconds.
Civ guide
Wu
Perfil
boanaan